 Dungeon Crawl Stone Soup version 0.29-a0-319-gad05b8d819 (webtiles) character file.

Game seed: 5068288334117069311

84 kae the Firebug (level 4, 0/25 HPs)
             Began as a Tengu Fire Elementalist on Apr 1, 2022.
             Succumbed to an adder's poison
             ... on level 2 of the Dungeon.
             The game lasted 00:01:53 (2799 turns).

kae the Firebug (Tengu Fire Elementalist)           Turns: 2799, Time: 00:01:54

Health: 0/25       AC:  2    Str:  9    XL:     4   Next: 46%
Magic:  4/8        EV: 12    Int: 17    God:
Gold:   64         SH:  0    Dex: 14    Spells: 1/7 levels left

rFire   . . .      SeeInvis .   c - +0 short sword
rCold   . . .      Faith    .   (no shield)
rNeg    . . .      Spirit   .   a - +0 robe
rPois   .          Reflect  .   (helmet restricted)
rElec   .          Harm     .   (no cloak)
rCorr   .          Rampage  .   (no gloves)
Will    .....                   (boots unavailable)
Stlth   ++........              (no amulet)
HPRegen 0.08/turn               (no ring)
MPRegen 0.11/turn               (no ring)

@: lethally poisoned (0 -> -13)
A: beak, talons 3
a: no special abilities


You were on level 2 of the Dungeon.
You visited 1 branch of the dungeon, and saw 3 of its levels.

You collected 64 gold pieces.

Inventory:

Hand Weapons
 c - a +0 short sword (weapon)
Armour
 a - a +0 robe (worn)
Jewellery
 m - a +4 ring of protection
Scrolls
 d - a scroll of noise {unknown}
 e - a scroll of acquirement {unknown}
 h - a scroll of teleportation
 j - a scroll of fog {unknown}
 k - a scroll of identify
 l - 2 scrolls of amnesia {unknown}
 n - a scroll of blinking {unknown}
Potions
 b - a potion of magic
 f - 2 potions of curing
 g - a potion of mutation {unknown}
 i - 2 potions of flight {unknown}


   Skills:
 + Level 1.0 Fighting
 + Level 1.6 Armour
 + Level 2.6 Dodging
 - Level 2.0 Stealth
 + Level 2.4 Spellcasting
 + Level 2.0 Conjurations
 * Level 4.1 Fire Magic


You had one spell level left.
You knew the following spells:

 Your Spells              Type           Power      Damage    Failure   Level
a - Foxfire               Conj/Fire      48%        2x1d6     4%          1
b - Scorch                Fire           32%        2d6       4%          2
c - Conjure Flame         Conj/Fire      12%        6-21      16%         3

Your spell library contained the following spells:

 Spells                   Type           Power      Damage    Failure   Level
 Inner Flame              Hex/Fire       9%         N/A       24%         3
 Flame Wave               Conj/Fire      12%        2d6       45%         4


Dungeon Overview and Level Annotations

Branches:
Dungeon (3/15)

Altars:


Innate Abilities, Weirdness & Mutations

You have a beak for a mouth.
You have claws for feet.


Message History

There are monsters nearby!
Okay, then.
Casting: Foxfire (safe; 5% risk of failure)
Confirm with . or Enter, or press ? or * to list all spells.
Flames lash the adder.
The adder hisses angrily.
The adder is almost dead.
The adder's fire resistance burns away.
You hear a shout!
The kobold shouts!
A kobold comes into view. It is wielding a +0 dagger.
Casting: Scorch (safe; 5% risk of failure)
Confirm with . or Enter, or press ? or * to list all spells.
You conjure some foxfire!
The adder bites you.
You are poisoned.
The adder poisons you!
You feel sick.
The foxfire hits the adder.
The adder is burned terribly!
You kill the adder!
The foxfire hits the adder.
The adder is heavily wounded.
The adder bites you.
You are more poisoned.
The adder poisons you! The adder bites you.
You are more poisoned.
The adder poisons you!
You feel very sick. The adder closely misses you.
You climb upwards.
You feel very sick.
There is a stone staircase leading down here.
Casting: Foxfire (safe; 4% risk of failure)
Confirm with . or Enter, or press ? or * to list all spells.
Flames lash the adder.
The adder is severely wounded.
The adder's fire resistance burns away.
* * * LOW HITPOINT WARNING * * *
You feel sick. The adder bites you.
* * * LOW HITPOINT WARNING * * *
You are more poisoned.
The adder poisons you!
You die...

###############
#.............#
#.............#
####.............#
................@#
####............S#
#.............####
#.............'..#
#.............##.#
################.#
#.# #####.#
#.....#


You could see an adder (combustible).

Vanquished Creatures
  Robin (D:2)
  3 adders
  A dart slug (D:1)
  An orc (D:2)
  4 bats
  An endoplasm (D:2)
  12 goblins
  5 hobgoblins
  3 kobolds
  3 quokkas (D:1)
  3 ball pythons
  3 frilled lizards (D:1)
40 creatures vanquished.

Vanquished Creatures (collateral kills)
  A foxfire (D:2)
1 creature vanquished.

Vanquished Creatures (others)
  62 foxfires
  5 toadstools (D:1)
67 creatures vanquished.

Grand Total: 108 creatures vanquished

Notes
Turn   | Place    | Note
-------+----------+-------------------------------------------
     0 | D:1      | kae the Tengu Fire Elementalist began the quest for the
                  | Orb.
     0 | D:1      | Reached XP level 1. HP: 10/10 MP: 4/4
   534 | D:1      | Reached XP level 2. HP: 15/15 MP: 4/6
   542 | D:1      | Learned a level 2 spell: Scorch
  1020 | D:1      | Found a faded altar of an unknown god.
  1329 | D:1      | Reached XP level 3. HP: 20/20 MP: 4/7
  1333 | D:1      | Learned a level 3 spell: Conjure Flame
  1460 | D:2      | Reached skill level 1 in Armour
  1826 | D:2      | Noticed Robin
  2040 | D:1      | Reached skill level 4 in Fire Magic
  2154 | D:2      | Killed Robin
  2215 | D:2      | Reached XP level 4. HP: 24/24 MP: 5/8
  2521 | D:2      | Reached skill level 1 in Fighting
  2799 | D:2      | Succumbed to an adder's poison

Illustrated notes

Levels and vault maps discovered:
D:1:      ldierk_walled_garden, layout_loops_ring,
          hellmonk_ecumenical_altar_inner_sanctum, chequers_arboretum
D:2:      layout_basic, uniq_robin, uniq_crazy_yiuf_cottage
D:3:      layout_rooms, lemuel_doored_altar, minmay_snake_closets

Skill      XL: |  1  2  3  4 |
---------------+-------------+-----
Armour         | 1 |  1.6
Fire Magic     | 4 |  4.1
Conjurations   | 2 |  2.0
Fighting       | 1 |  1.0
Dodging        | |  2.6
Stealth        | |  2.0
Spellcasting   | |  2.4

Action                   |  1- 3 |  4- 6 || total
-------------------------+-------+-------++-------
Melee: Short sword       |    25 |       ||    25
       Unarmed           |     1 |       ||     1
       Peck              |     1 |       ||     1
       Kick              |     4 |       ||     4
 Cast: Foxfire           |    22 |    18 ||    40
       Scorch            |    22 |     5 ||    27
  Use: Scroll            |     3 |       ||     3
 Stab: Sleeping          |     1 |       ||     1
Armor: Robe              |    13 |       ||    13
Dodge: Dodged            |    42 |     2 ||    44

Table legend: (Time is in decaauts)
 A = Elapsed time spent in this place.
 B = Non-inter-level travel time spent in this place.
 C = Inter-level travel time spent in this place.
 D = Time resting spent in this place.
 E = Time spent auto-exploring this place.
 F = Levels seen in this place.
 G = Mean time per level.
                   A        B        C        D        E       F      G
               +--------+--------+--------+--------+--------+-----+--------+
         Total |   2804 |   2770 |     34 |    404 |   2032 |   3 |  934.7 |
       Dungeon |   2804 |   2770 |     34 |    404 |   2032 |   3 |  934.7 |
               +--------+--------+--------+--------+--------+-----+--------+

Top non-repeatable levels by time:
     D:1: 1793 daAuts
     D:2: 1005 daAuts
     D:3: 5 daAuts
